 Dungeon Crawl Stone Soup version 0.20-a0 (webtiles) character file.

655 JeffiDaFish the Chopper (level 7, -2/60 HPs)
             Began as a Hill Orc Fighter on Oct 27, 2016.
             Killed from afar by Qqwix's ghost (27 damage)
             ... with a stone arrow
             ... on level 5 of the Dungeon.
             The game lasted 00:09:04 (3595 turns).

JeffiDaFish the Chopper (Hill Orc Fighter)          Turns: 3595, Time: 00:09:05

Health: -2/60      AC:  8    Str: 21    XL:     7   Next: 54%
Magic:  7/7        EV:  8    Int:  8    God:
Gold:   375        SH:  9    Dex: 10    Spells: 0 memorised, 6 levels left

rFire  . . .     SeeInvis .     a - +2 war axe
rCold  . . .     Gourm    .     b - +0 scale mail
rNeg   . . .     Faith    .     c - +0 shield
rPois  .         Spirit   .     q - +0 helmet
rElec  .         Reflect  .     (no cloak)
rCorr  .         Harm     .     (no gloves)
MR     +....                    (no boots)
Stlth  ..........               (no amulet)
                                h - ring of protection from magic
                                m - ring of flight

@: no status effects
A: no striking features
a: Evoke Flight


You were on level 5 of the Dungeon.
You were not hungry.

You visited 1 branch of the dungeon, and saw 5 of its levels.

You collected 375 gold pieces.

Inventory:

Hand Weapons
 a - a +2 war axe (weapon)
Armour
 b - a +0 scale mail (worn)
 c - a +0 shield (worn)
 q - a +0 helmet (worn)
Jewellery
 e - an uncursed ring of positive energy
 h - a ring of protection from magic (right hand)
 m - a ring of flight (left hand)
 s - an uncursed amulet of magic regeneration {unknown}
Wands
 r - a wand of disintegration (14/24)
Scrolls
 k - a scroll of remove curse
 n - 2 scrolls of teleportation
 p - a scroll of identify
Potions
 d - 2 potions of might
 g - a potion of heal wounds
 i - 2 potions of berserk rage
 t - a potion of cancellation {unknown}
Comestibles
 f - 8 bread rations
 j - a slice of pizza
 l - 2 meat rations
 o - 2 chunks of flesh


   Skills:
 + Level 4.7 Fighting
 + Level 7.3 Axes
 + Level 5.3 Armour
 + Level 1.2 Dodging
 + Level 0.8 Stealth
 + Level 4.5 Shields


You had 6 spell levels left.
You didn't know any spells.

Dungeon Overview and Level Annotations

Branches:
Dungeon (5/15)
 Temple: D:4-7

Altars:

Annotations:
D:5 Qqwix's ghost, novice GrEE


Message History

Qqwix's ghost is heavily damaged.
Qqwix's ghost hits you but does no damage.
Space bends around you.
You closely miss Qqwix's ghost.
Qqwix's ghost is heavily damaged.
Qqwix's ghost gestures at you while chanting.
The rocky blast hits you!
You slash Qqwix's ghost!
Qqwix's ghost is almost destroyed.
Qqwix's ghost hits you but does no damage.
Space warps horribly around you!
You hit Qqwix's ghost.
Qqwix's ghost is almost destroyed.
You block Qqwix's ghost's attack.
You hit Qqwix's ghost.
Qqwix's ghost is almost destroyed.
You block Qqwix's ghost's attack. Qqwix's ghost hits you.
You blink.
Qqwix's ghost gestures at you while chanting.
The stone arrow hits you!
You die...

#....... #......
#.....# #.....#
+...W.# #...ยง.#
#.....# #.....+
#...@.####+#
#...........
#...........
#...........
#...........
#...........
#...........
#...........
#####...........


You could see Qqwix's ghost.

Vanquished Creatures
  An ice beast (D:4)
  2 ogres (D:4)
  2 scorpions (D:4)
  A hound (D:4)
  An orc wizard (D:4)
  Terence (D:3)
  A hound skeleton (D:4)
  5 gnolls
  5 adders
  An ooze (D:2)
  2 worms
  5 dart slugs
  2 leopard geckos
  9 orcs (D:4)
  A ball python (D:2)
  7 giant cockroaches
  6 goblins
  9 hobgoblins
  3 quokkas
  6 bats
  3 frilled lizards
  4 kobolds
  7 rats
84 creatures vanquished.

Notes
Turn   | Place    | Note
-------+----------+-------------------------------------------
     0 | D:1      | JeffiDaFish the Hill Orc Fighter began the quest for the Orb.
     0 | D:1      | Reached XP level 1. HP: 19/19 MP: 1/1
    52 | D:1      | Reached XP level 2. HP: 24/27 MP: 2/2
   345 | D:1      | Reached XP level 3. HP: 30/33 MP: 3/3
   822 | D:2      | Reached skill level 3 in Axes
  1181 | D:2      | Reached XP level 4. HP: 33/40 MP: 4/4
  1308 | D:2      | Reached skill level 4 in Axes
  1520 | D:3      | Noticed Terence
  1525 | D:3      | Killed Terence
  1871 | D:3      | Reached XP level 5. HP: 46/46 MP: 5/5
  2430 | D:4      | Noticed an ice beast
  2436 | D:4      | Killed an ice beast
  2436 | D:4      | Reached skill level 5 in Axes
  2472 | D:4      | Reached XP level 6. HP: 45/52 MP: 6/6
  2671 | D:4      | Reached skill level 6 in Axes
  2945 | D:4      | Reached skill level 1 in Dodging
  2945 | D:4      | Reached XP level 7. HP: 16/60 MP: 7/7
  3050 | D:4      | Reached skill level 5 in Armour
  3313 | D:4      | Reached skill level 7 in Axes
  3573 | D:5      | Entered Level 5 of the Dungeon
  3584 | D:5      | Noticed Qqwix's ghost (novice GrEE)
  3595 | D:5      | Killed from afar by Qqwix's ghost

Vault maps used:
D:1:      evilmike_arrival_rings
D:2:      first_bread, minmay_strange_pillars
D:3:      uniq_terence
D:4:      gup_sewer_entry_bowl
D:5:      hangedman_minor_gate_pass

Skill      XL: |  1  2  3  4  5  6  7 |
---------------+----------------------+-----
Fighting       | 4 |  4.7
Axes           | 3 4 5 6 7 |  7.3
Shields        | 4 |  4.5
Armour         | 4 5 |  5.3
Dodging        | 1 |  1.2
Stealth        | |  0.8

Action                   |  1- 3 |  4- 6 |  7- 9 || total
-------------------------+-------+-------+-------++-------
Melee: War axe           |    86 |    93 |    51 ||   230
  Use: Scroll            |     6 |     2 |       ||     8
       Potion            |     3 |     3 |       ||     6
  Eat: Chunk             |     1 |     6 |     2 ||     9
Armor: Scale mail        |    41 |    35 |    16 ||    92
Dodge: Dodged            |    25 |    27 |    20 ||    72
Block: Shield            |    51 |    46 |    24 ||   121
